 Dungeon Crawl Stone Soup version 0.25-a0-785-gb22c70e859 (webtiles) character file.

Game seed: 12482631601699848590, levelgen mode: deterministic

0 Esekla the Skirmisher (level 1, -4/23 HPs)
             Began as a Gnoll Abyssal Knight on Apr 17, 2020.
             Was a Follower of Lugonu.
             Slain by a sixfirhy (10 damage)
             ... led by a cacodemon
             ... on level 3 of the Abyss.
             The game lasted 00:01:09 (228 turns).

Esekla the Skirmisher (Gnoll Abyssal Knight)         Turns: 228, Time: 00:01:09

Health: -4/23      AC:  3    Str: 12 (14) XL:     1   Next: 0%
Magic:  2/2        EV: 12    Int: 14      God:    Lugonu [*.....]
Gold:   0          SH:  0    Dex: 14      Spells: 0/0 levels left

rFire    . . .     SeeInvis .   a - +1 falchion
rCold    . . .     Gourm    .   (no shield)
rNeg     . . .     Faith    .   b - +0 leather armour
rPois    .         Spirit   .   (no helmet)
rElec    .         Reflect  .   (no cloak)
rCorr    .         Harm     .   (no gloves)
MR       .....                  (no boots)
Stlth    +.........             (no amulet)
HPRegen  0.07/turn              (no ring)
MPRegen  0.08/turn              (no ring)

@: no status effects
A: distributed training, fangs 1, [deterioration 2], [low mp 2], [subdued magic
2], strong nose
a: Depart the Abyss, Renounce Religion


You were on level 3 of the Abyss.
You worshipped Lugonu.
Lugonu was aware of your devotion.
You were not hungry.

You visited 0 branches of the dungeon, and saw 0 of its levels.
You visited the Abyss 1 time.

Inventory:

Hand Weapons
 a - a +1 falchion (weapon)
Armour
 b - a +0 leather armour (worn)
Wands
 f - a wand of enslavement (6)
Scrolls
 d - a scroll of fear {unknown}
 e - a scroll of teleportation {unknown}
Comestibles
 c - a ration


   Skills:
 + Level 6.4 Fighting
 + Level 0.0 Short Blades
 + Level 4.4 Long Blades
 + Level 0.0 Axes
 + Level 0.0 Maces & Flails
 + Level 0.0 Polearms
 + Level 0.0 Staves
 + Level 0.0 Slings
 + Level 0.0 Bows
 + Level 0.0 Crossbows
 + Level 0.0 Throwing
 + Level 4.4 Armour
 + Level 2.3 Dodging
 + Level 0.0 Stealth
 + Level 0.0 Shields
 + Level 0.0 Unarmed Combat
 + Level 0.0 Spellcasting
 + Level 0.0 Conjurations
 + Level 0.0 Hexes
 + Level 0.0 Charms
 + Level 0.0 Summonings
 + Level 0.0 Necromancy
 + Level 0.0 Translocations
 + Level 0.0 Transmutations
 + Level 0.0 Fire Magic
 + Level 0.0 Ice Magic
 + Level 0.0 Air Magic
 + Level 0.0 Earth Magic
 + Level 0.0 Poison Magic
 + Level 4.4 Invocations
 + Level 0.0 Evocations


You couldn't memorise any spells.
You didn't know any spells.
Your spell library was empty.

Dungeon Overview and Level Annotations

Branches:
Dungeon (0/15)

Altars:


Innate Abilities, Weirdness & Mutations

Your experience applies equally to all skills.
You have very sharp teeth.
Your uncanny sense of smell can sniff out nearby items.
[Your body often deteriorates upon taking damage.]
[Your magical capacity is very low. (-20% MP)]
[Your spells are easier to cast, but less powerful.]


Message History

A raiju comes into view.
The raiju barks!
A raiju comes into view.
The raiju barks! x2
A sixfirhy comes into view.
A rakshasa comes into view. It is wielding a +0 whip.
The sixfirhy moves out of view.
The raiju bursts into living lightning!
The living lightning hits the raiju.
The raiju completely resists.
The living lightning misses you.
The raiju blinks!
The raiju bursts into living lightning!
The living lightning hits the raiju.
The raiju completely resists.
The living lightning hits you!
* * * LOW HITPOINT WARNING * * *
Your body deteriorates!
You feel weakened.
The raiju blinks! x2
An orange demon comes into view.
The orange demon screeches!
The sixfirhy hits you!
You die...

.#. .#[ ...4.
#..##...#.#..
........#.... .
.#.........#
....#........#
.#....#...####
..#....3##..# .#
##..##@.#..##..#
# #..#..h.#...#
## .#...h....#
#..#####...#.#.#
#.#.##......R.#
# ..
.###.#h....#R#
#.. ..
##.....#.## ..
... §.#...#..# .
..h. .§##...##.#


You could see a rakshasa, an orange demon, a sixfirhy and 3 raiju.

Vanquished Creatures (others)
  A lurking horror (Abyss:2)
1 creature vanquished.

Notes
Turn   | Place    | Note
-------+----------+-------------------------------------------
     0 | Abyss:1  | Esekla the Gnoll Abyssal Knight began the quest for the
                  | Orb.
     0 | Abyss:1  | Reached XP level 1. HP: 23/23 MP: 3/3
    59 | Abyss:1  | Noticed a wretched star
   181 | Abyss:2  | Noticed an iron imp
   216 | Abyss:3  | Noticed a raiju
   217 | Abyss:3  | Noticed a vampire
   224 | Abyss:3  | Noticed a raiju
   224 | Abyss:3  | Noticed a raiju
   225 | Abyss:3  | Noticed a sixfirhy
   225 | Abyss:3  | Noticed a rakshasa
   228 | Abyss:3  | Noticed an orange demon
   228 | Abyss:3  | Slain by a sixfirhy

Levels and vault maps discovered:
Abyss:3

Action                   || total
-------------------------++-------
Dodge: Dodged            ||     1

Table legend:
 A = Non-vault XP
 B = Vault XP
 C = Vault XP percentage of total XP
 D = Non-vault monster count
 E = Vault monster count
 F = Vault count percentage of total count
                 A         B        C        D         E       F
            +---------+---------+-------+---------+---------+-------
      Total |       0 |       0 |   N/A |       0 |       0 |  -nan
            +---------+---------+-------+---------+---------+-------
            +---------+---------+-------+---------+---------+-------
